[Event "Wednesday Night Engine Tour 11 Rd Swiss 5m+1s Starts at 2200hrs ST"]
[Site "Infinity Chess"]
[Date "2018.4.4"]
[Round "1"]
[White "KULLANI"]
[Black "Murx"]
[Result "1/2-1/2"]
[ECO "E32"]
[WhiteElo "2431"]
[BlackElo "2517"]
[WhiteEngine "BrainFish_180329_x64"]
[BlackEngine "BrainFish_180329_x64_modern"]
[EventType "Swiss"]
[WhiteTeam ""]
[BlackTeam ""]
[PlyCount "93"]
[TimeControl "300+1"]

1. d4 Nf6 2. c4 e6 3. Nc3 Bb4 4. Qc2 O-O 5. e4 d5 6. e5 Ne4 7. Bd3 c5 
8. Nf3 cxd4 9. Nxd4 Nd7 10. Bf4 Ndc5 11. O-O Bxc3 12. bxc3 Bd7 13. Be2 Na4 
14. cxd5 exd5 15. c4 Rc8 16. Rac1 Nec3 17. cxd5 Nxd5 18. Qd2 Nxf4 19. Qxf4 Nc3 
20. Bd3 Qe7 21. Nf3 Be6 22. Ng5 g6 23. Rc2 Rfd8 24. Qg3 a5 25. h4 Nxa2 
26. Ne4 Rxc2 27. Bxc2 Kh8 28. Nd6 Nb4 29. Be4 Nc6 30. h5 a4 31. Qc3 a3 
32. Bxc6 bxc6 33. Qxa3 gxh5 34. f4 f6 35. Qc3 fxe5 36. Qxe5+ Qg7 37. Qxe6 Qd4+ 
38. Kh2 Qxd6 39. Qxd6 Rxd6 40. Rc1 h4 41. Kh3 Rh6 42. f5 Rf6 43. Kxh4 Rxf5 
44. Rxc6 Rf7 45. g4 Rf2 46. Kg3 Rf8 47. g5 1/2-1/2

[Event "Wednesday Night Engine Tour 11 Rd Swiss 5m+1s Starts at 2200hrs ST"]
[Site "Infinity Chess"]
[Date "2018.4.4"]
[Round "1"]
[White "RonWeasley"]
[Black "OlivierEvan"]
[Result "1/2-1/2"]
[ECO "D11"]
[WhiteElo "2521"]
[BlackElo "2448"]
[WhiteEngine "BrainFish 010418 WM_CTG"]
[BlackEngine "Houdini 6"]
[EventType "Swiss"]
[WhiteTeam ""]
[BlackTeam ""]
[PlyCount "133"]
[TimeControl "300+1"]

1. d4 d5 2. c4 c6 3. Nf3 Nf6 4. e3 e6 5. b3 c5 6. Bb2 cxd4 7. Nxd4 e5 
8. Nf3 Bb4+ 9. Nbd2 e4 10. a3 Be7 11. Nd4 Nc6 12. Be2 O-O 13. O-O Nxd4 
14. Bxd4 dxc4 15. Bxc4 b6 16. Qc2 Bb7 17. Rfd1 Qc8 18. a4 h5 19. Bb2 a6 
20. Rac1 Qf5 21. Nf3 Rac8 22. Nd4 Qg5 23. Qe2 a5 24. Nb5 Nd5 25. h4 Qf5 
26. Ba3 Bxa3 27. Nxa3 Rfd8 28. Nb5 Qe5 29. g3 Rd7 30. Rd4 Rcd8 31. Rcd1 Bc6 
32. Bxd5 Rxd5 33. Qc4 Rxd4 34. Nxd4 Qc5 35. Rc1 Qxc4 36. Rxc4 Bd5 37. Rc7 Kf8 
38. Kf1 Ke8 39. Kg2 Rd6 40. Nf5 Kd8 41. Rc1 Rd7 42. Nd4 Rd6 43. Nb5 Rd7 
44. Nd4 Rd6 45. Rb1 Be6 46. Nxe6+ Rxe6 47. b4 axb4 48. Rxb4 g6 49. f3 exf3+ 
50. Kxf3 Ke7 51. e4 Rc6 52. Kf4 Ke6 53. Rb5 f6 54. Rb3 Ke7 55. Rb2 Kd6 
56. Rb4 Ke6 57. Rb3 Ke7 58. e5 Rc4+ 59. Kf3 Rxa4 60. exf6+ Kxf6 61. Rxb6+ Kg7 
62. Rb7+ Kf6 63. Ke3 Ra3+ 64. Kf4 Ra4+ 65. Ke3 Ra3+ 66. Kf4 Ra4+ 67. Ke3 1/2-1/2

[Event "Wednesday Night Engine Tour 11 Rd Swiss 5m+1s Starts at 2200hrs ST"]
[Site "Infinity Chess"]
[Date "2018.4.4"]
[Round "1"]
[White "klasman"]
[Black "KillBill2017"]
[Result "1/2-1/2"]
[ECO "C26"]
[WhiteElo "2462"]
[BlackElo "2523"]
[WhiteEngine "SugaR.XPrO.1.4.64.POCNT"]
[BlackEngine "Raubfisch ME262_GTZ17_CTG"]
[EventType "Swiss"]
[WhiteTeam ""]
[BlackTeam ""]
[PlyCount "103"]
[TimeControl "300+1"]

1. e4 e5 2. Nc3 Nf6 3. g3 d5 4. exd5 Nxd5 5. Nf3 Nc6 6. Bg2 Nxc3 7. bxc3 Bc5 
8. O-O O-O 9. Re1 Qf6 10. d3 Bb6 11. Be3 Ba5 12. Bd2 Re8 13. c4 Bb6 14. a4 Rb8 
15. a5 Bc5 16. c3 Bg4 17. h3 Bh5 18. g4 Bg6 19. Be3 Bxe3 20. Rxe3 e4 21. Qe1 Re7 
22. dxe4 Rbe8 23. e5 Nxe5 24. Nxe5 Rxe5 25. Rxe5 Rxe5 26. Qd2 h5 27. f4 Re8 
28. Qd7 Kf8 29. f5 Qxc3 30. Rf1 Bh7 31. Qxc7 hxg4 32. Qc5+ Kg8 33. hxg4 b6 
34. axb6 axb6 35. Qxb6 Qxc4 36. Qc6 Qd4+ 37. Kh1 Qe3 38. Qf3 Qh6+ 39. Kg1 g6 
40. f6 Qh4 41. Rf2 Qg5 42. Bf1 Qc5 43. Qf4 g5 44. Qh2 Qf8 45. Qh5 Re5 
46. Bc4 Ra5 47. Kg2 Be4+ 48. Kg1 Ra1+ 49. Bf1 Ra5 50. Bc4 Bh7 51. Kg2 Be4+ 
52. Kg1 1/2-1/2

[Event "Wednesday Night Engine Tour 11 Rd Swiss 5m+1s Starts at 2200hrs ST"]
[Site "Infinity Chess"]
[Date "2018.4.4"]
[Round "1"]
[White "Deep_Impact"]
[Black "ocirema"]
[Result "1/2-1/2"]
[ECO "C55"]
[WhiteElo "2524"]
[BlackElo "2476"]
[WhiteEngine "kt-2016.00b"]
[BlackEngine "asmFishW_2018-04-01_popcnt_CTG"]
[EventType "Swiss"]
[WhiteTeam ""]
[BlackTeam ""]
[PlyCount "107"]
[TimeControl "300+1"]

1. e4 e5 2. Nf3 Nc6 3. Bc4 Nf6 4. d3 Bc5 5. c3 a5 6. O-O d6 7. Re1 O-O 
8. Nbd2 Be6 9. Bb5 Ne7 10. d4 Ba7 11. Nf1 exd4 12. Nxd4 Ng6 13. Ba4 h6 
14. Be3 Bc8 15. Bc2 Re8 16. h3 Nxe4 17. Bxh6 Nxf2 18. Qd2 gxh6 19. Rxe8+ Qxe8 
20. Qxf2 Bd7 21. Ne3 Qe5 22. Rf1 Be6 23. Ng4 Qg5 24. Kh2 Bc4 25. Re1 Kg7 
26. Ne3 Be6 27. Rf1 Bxd4 28. cxd4 f5 29. g3 Rf8 30. Qe1 Ne7 31. Ng2 Qf6 
32. Nf4 Bf7 33. Bb3 Kh7 34. Qxa5 Bxb3 35. axb3 Rf7 36. Qxc7 Nc6 37. Qb6 Nxd4 
38. Rd1 Nf3+ 39. Kg2 Ng5 40. Qxd6 Qxb2+ 41. Rd2 Qg7 42. Nh5 Qc3 43. Qd5 Qc7 
44. Nf4 b5 45. Ne2 b4 46. h4 Ne4 47. Rd4 Qa7 48. h5 Qb7 49. Nf4 Qa7 50. Kf3 Qc7 
51. Rc4 Qa7 52. Rd4 Qe7 53. Kg2 Qa7 54. Kf3 1/2-1/2

[Event "Wednesday Night Engine Tour 11 Rd Swiss 5m+1s Starts at 2200hrs ST"]
[Site "Infinity Chess"]
[Date "2018.4.4"]
[Round "1"]
[White "star99"]
[Black "MrScience"]
[Result "1/2-1/2 "]
[ECO "C50"]
[WhiteElo "2491"]
[BlackElo "2525"]
[WhiteEngine "Cryptic Heroes 9.2B"]
[BlackEngine "cfish"]
[EventType "Swiss"]
[WhiteTeam ""]
[BlackTeam ""]
[PlyCount "180"]
[TimeControl "300+1"]

1. e4 e5 2. Nf3 Nc6 3. Bc4 Bc5 4. O-O Nf6 5. d3 d6 6. c3 O-O 7. h3 a5 8. Re1 Be6 
9. Bb5 Ba7 10. Nbd2 Ne7 11. d4 Ng6 12. Ba4 Nh5 13. Nf1 Nhf4 14. Ng3 exd4 
15. Nxd4 Bxd4 16. cxd4 d5 17. Qf3 Qf6 18. Kh2 c6 19. Bc2 Qh4 20. Be3 a4 
21. e5 f6 22. Bxg6 Nxg6 23. exf6 Rxf6 24. Qh5 Qxh5 25. Nxh5 Rf5 26. Ng3 Rf7 
27. f3 Bf5 28. Rad1 h6 29. Bf2 Bd7 30. Kg1 Rd8 31. Rd3 Ra8 32. Ree3 Rff8 
33. Ne2 Bf5 34. Ra3 Kf7 35. Ng3 Ne7 36. Be1 Rfe8 37. Kf2 Be6 38. Bb4 Nc8 
39. f4 Ne7 40. Bxe7 Rxe7 41. b4 Bd7 42. Re5 b6 43. Ne2 Rxe5 44. fxe5 g5 
45. Rf3+ Ke7 46. Rf6 Rf8 47. Rxf8 Kxf8 48. Nc3 b5 49. Nd1 h5 50. a3 Kf7 
51. Ne3 Kg6 52. Kf3 Kg7 53. g4 hxg4+ 54. hxg4 Kg6 55. Nf1 Kf7 56. Nd2 Ke6 
57. Kg3 Kf7 58. Nf3 Kg6 59. Nd2 Be6 60. Nf3 Bd7 61. Nd2 Bc8 62. Nb1 Be6 
63. Nd2 Bd7 64. Nb1 Bc8 65. Kf3 Kf7 66. Nc3 Be6 67. Ne2 Bd7 68. Nc1 Bc8 
69. Ne2 Bd7 70. Nc3 Ke6 71. Na2 Be8 72. Nc1 Bg6 73. Kg2 Bc2 74. Kg3 Bd1 
75. Nd3 Be2 76. Nc5+ Ke7 77. Nb7 Kd7 78. Nd6 Ke6 79. Nf5 Bd3 80. Ng7+ Kf7 
81. Nh5 Bg6 82. Nf6 Ke7 83. Kf3 Kf8 84. Nd7+ Ke7 85. Nf6 Bd3 86. Ke3 Bb1 
87. Kf3 Bd3 88. Nh5 Ke6 89. Ke3 Bg6 90. Kd2 Kd7 1/2-1/2

[Event "Wednesday Night Engine Tour 11 Rd Swiss 5m+1s Starts at 2200hrs ST"]
[Site "Infinity Chess"]
[Date "2018.4.4"]
[Round "1"]
[White "SkyPilot"]
[Black "KRAKEN"]
[Result "0-1"]
[ECO "C53"]
[WhiteElo "2512"]
[BlackElo "2555"]
[WhiteEngine "stockfish_x64_bmi2_2018_03_30_CTG"]
[BlackEngine "Raubfisch X38_CTG"]
[EventType "Swiss"]
[WhiteTeam ""]
[BlackTeam ""]
[PlyCount "64"]
[TimeControl "300+1"]

1. e4 e5 2. Nf3 Nc6 3. Bc4 Bc5 4. c3 Nf6 5. d3 O-O 6. O-O d6 7. Bg5 h6 8. Bh4 a6 
9. Nbd2 Ba7 10. Bb3 g5 11. Bg3 Na5 12. Ba4 Nh5 13. b4 Nxg3 14. hxg3 Nc6 
15. Bxc6 bxc6 16. Nb3 Bd7 17. Qd2 Rb8 18. c4 Qe7 19. Qc3 a5 20. bxa5 h5 
21. Ne1 h4 22. gxh4 f5 23. c5 gxh4 24. Kh1 Rf7 25. Rc1 Rbf8 26. Qc4 Be6 
27. Qa6 h3 28. g3 fxe4 29. Rc2 Bd5 30. Kh2 Bxb3 31. axb3 Bxc5 32. Qc4 Kh8 0-1

[Event "Wednesday Night Engine Tour 11 Rd Swiss 5m+1s Starts at 2200hrs ST"]
[Site "Infinity Chess"]
[Date "2018.4.4"]
[Round "1"]
[White "THE_MACHINE"]
[Black "MarioDeMonti"]
[Result "1/2-1/2"]
[ECO "C55"]
[WhiteElo "2592"]
[BlackElo "2515"]
[WhiteEngine "BrainFish_180401_x64_bmi2"]
[BlackEngine "stockfish_x64_bmi2_2018_02_18_CTG"]
[EventType "Swiss"]
[WhiteTeam ""]
[BlackTeam ""]
[PlyCount "275"]
[TimeControl "300+1"]

1. e4 e5 2. Nf3 Nc6 3. Bc4 Nf6 4. d3 Bc5 5. c3 d6 6. O-O O-O 7. Nbd2 a5 
8. Re1 Be6 9. Bb5 Qb8 10. Nf1 Qa7 11. Be3 Bxe3 12. Nxe3 Ne7 13. a4 Ng6 
14. Bc4 Bxc4 15. Nxc4 Qa6 16. g3 Rfe8 17. Ne3 Rad8 18. Qc2 c6 19. b4 d5 
20. Reb1 b6 21. Kg2 Qa8 22. c4 Nf8 23. c5 bxc5 24. bxc5 Ne6 25. Nf5 dxe4 
26. dxe4 Nd7 27. Nd6 Re7 28. Ra3 Qa7 29. Nb7 Ra8 30. Rc3 g6 31. Qd3 Rae8 
32. h4 h5 33. Rc4 f6 34. Qd2 Qa6 35. Nd6 Rd8 36. Rb7 Rg7 37. Qh6 Ndf8 
38. Rxg7+ Nxg7 39. Nd2 Nge6 40. Qe3 Kh7 41. Rc3 Rb8 42. Rd3 Qa7 43. Nb3 Rb4 
44. Qf3 Qg7 45. Nxa5 Nxc5 46. Rd1 Nfe6 47. Ne8 Qf7 48. Nxf6+ Kg7 49. Nd7 Qxf3+ 
50. Kxf3 Rxa4 51. Nxc6 g5 52. Rd5 g4+ 53. Kg2 Nxd7 54. Rxd7+ Kf6 55. Rh7 Nd4 
56. Nxd4 Kg6 57. Rd7 exd4 58. Rd5 Rb4 59. Rd6+ Kf7 60. Rh6 d3 61. Rd6 Rxe4 
62. Rxd3 Ke6 63. Rc3 Re1 64. Rc2 Re4 65. Rc5 Re5 66. Rc1 Re4 67. Rc6+ Kd5 
68. Ra6 Re5 69. Ra5+ Kd4 70. Ra4+ Kc5 71. Ra5+ Kd4 72. Ra6 Kd5 73. Ra7 Kd6 
74. Kg1 Re1+ 75. Kg2 Re5 76. Ra1 Rc5 77. Ra6+ Kd5 78. Rh6 Kd4 79. Rh8 Rf5 
80. Rb8 Kd5 81. Ra8 Kd6 82. Ra6+ Kd5 83. Kg1 Ke5 84. Kg2 Kd4 85. Rh6 Rd5 
86. Rg6 Rb5 87. Rg7 Ke4 88. Rh7 Rf5 89. Rd7 Ke5 90. Rd8 Ke4 91. Rc8 Kd5 
92. Rg8 Ke4 93. Re8+ Kd3 94. Kf1 Rc5 95. Re3+ Kd4 96. Rb3 Rc1+ 97. Kg2 Rc5 
98. Rb6 Ke4 99. Re6+ Kf5 100. Rb6 Ke4 101. Rb8 Kf5 102. Rf8+ Ke4 103. Rf4+ Kd3 
104. Rf6 Kd4 105. Re6 Rc1 106. Re7 Rc5 107. Re1 Rc2 108. Rb1 Rc5 109. f4 Rc2+ 
110. Kf1 Ke4 111. f5 Kf3 112. Rb3+ Ke4 113. f6 Rc7 114. Rb4+ Kf5 115. f7 Rxf7 
116. Kg2 Rf6 117. Rb5+ Ke4 118. Rb1 Kd3 119. Re1 Rc6 120. Rd1+ Ke2 121. Ra1 Rc2 
122. Rb1 Ke3+ 123. Kf1 Rc3 124. Kg2 Rc2+ 125. Kf1 Rc5 126. Ra1 Rf5+ 
127. Kg2 Rf2+ 128. Kg1 Rf3 129. Ra3+ Ke2 130. Ra2+ Ke3 131. Kg2 Ke4 132. Ra1 Rc3 
133. Rb1 Rc2+ 134. Kf1 Kf3 135. Rb3+ Ke4 136. Rb1 Kf5 137. Rb5+ Ke4 138. Rb1 
1/2-1/2

[Event "Wednesday Night Engine Tour 13 rd Swiss 3m+1s Starts at 2200hrs"]
[Site "Infinity Chess"]
[Date "2018.4.18"]
[Round "8"]
[White "Dovahkiin"]
[Black "picolo1"]
[Result "1/2-1/2"]
[ECO "C50"]
[WhiteElo "2412"]
[BlackElo "2453"]
[WhiteEngine "Raubfisch ME262_GTZ16f_CTG"]
[BlackEngine "asmFishW_2018-04-11_base_y_CTG"]
[EventType "Swiss"]
[WhiteTeam ""]
[BlackTeam ""]
[PlyCount "110"]
[TimeControl "180+1"]

1. e4 e5 2. Nf3 Nc6 3. Bc4 Bc5 4. O-O Nf6 5. d3 d6 6. c3 O-O 7. Bg5 a5 8. a4 h6 
9. Bh4 g5 10. Bg3 Ba7 11. Nbd2 Kg7 12. Re1 Nh7 13. h3 h5 14. d4 g4 15. Nh4 exd4 
16. cxd4 Bxd4 17. hxg4 hxg4 18. Bd5 Nf6 19. Bxc6 bxc6 20. Ndf3 Bxb2 21. Nd4 Bxd4 
22. Qxd4 c5 23. Qb2 Kh7 24. Qc2 Nh5 25. Rad1 Nxg3 26. fxg3 Re8 27. Rf1 Kg8 
28. Qf2 f6 29. Qa2+ Be6 30. Qc2 Qe7 31. Qc3 Kg7 32. Rd5 Kf7 33. Rg5 Rg8 
34. Nf5 Bxf5 35. Rgxf5 Rg6 36. e5 dxe5 37. Rxe5 Qd6 38. Rxc5 Qb6 39. Rff5 Rh6 
40. Qc4+ Kf8 41. Qf4 Qb1+ 42. Rc1 Qb6+ 43. Rfc5 Rh5 44. Qxc7 Qxc7 45. Rxc7 Re8 
46. Rf1 Re6 47. Rc2 Rhe5 48. Rc4 Rg5 49. Rc7 Ke8 50. Rh7 Kf8 51. Ra7 Rge5 
52. Kh2 Rg5 53. Kg1 Rge5 54. Kh2 Rh5+ 55. Kg1 Rhe5 1/2-1/2

[Event "Wednesday Night Engine Tour 13 rd Swiss 3m+1s Starts at 2200hrs"]
[Site "Infinity Chess"]
[Date "2018.4.18"]
[Round "8"]
[White "targam"]
[Black "Mr Aj"]
[Result "1-0"]
[ECO "B90"]
[WhiteElo "2538"]
[BlackElo "2391"]
[WhiteEngine "asmFishW_2018-04-11_bmi2"]
[BlackEngine "Houdini 6_CTG"]
[EventType "Swiss"]
[WhiteTeam ""]
[BlackTeam ""]
[PlyCount "152"]
[TimeControl "180+1"]

1. e4 c5 2. Nf3 d6 3. d4 cxd4 4. Nxd4 Nf6 5. Nc3 a6 6. Be3 e5 7. Nb3 Be6 
8. Be2 Be7 9. O-O O-O 10. Qd2 Nbd7 11. a4 h6 12. a5 Qc7 13. Nd5 Nxd5 
14. exd5 Bf5 15. Rac1 Rac8 16. c4 Nf6 17. f3 Rfe8 18. Na1 Qd7 19. b4 h5 
20. Rfe1 h4 21. Nb3 h3 22. g3 e4 23. f4 Bg4 24. Bf1 Qf5 25. Nd4 Qg6 26. Rb1 Bd8 
27. Rb3 Qh5 28. Nc2 Bf3 29. Bd4 Be7 30. Ne3 Ng4 31. Rc3 Nxe3 32. Rcxe3 Qf5 
33. Rc3 Qh5 34. Be2 Bxe2 35. Qxe2 Qg6 36. Be3 f5 37. c5 Rb8 38. Rd1 Qf6 
39. Rc2 Qf7 40. g4 fxg4 41. Qxg4 Rbd8 42. c6 bxc6 43. dxc6 Rc8 44. c7 Bf8 
45. Rdc1 d5 46. Rc6 Bxb4 47. Bd4 Bf8 48. Kf2 Qe7 49. Qf5 Qf7 50. Qxf7+ Kxf7 
51. Rxa6 Ba3 52. Rc2 Re6 53. Rb6 Bd6 54. Rcc6 Rxc7 55. Rxd6 e3+ 56. Kf3 Rxd6 
57. Rxd6 e2 58. Bf2 Rc5 59. Rd7+ Kf6 60. Bd4+ Kg6 61. Rxg7+ Kh6 62. Kxe2 Rc4 
63. Ke3 Ra4 64. f5 Ra3+ 65. Kf4 Ra4 66. Rg6+ Kh5 67. Ke5 Ra2 68. Rg8 Re2+ 
69. Kxd5 Rxh2 70. f6 Rc2 71. f7 h2 72. Rh8+ Kg4 73. f8=Q h1=Q+ 74. Rxh1 Rc5+ 
75. Bxc5 Kg5 76. Rg1+ Kh5 1-0

[Event "Wednesday Night Engine Tour 13 rd Swiss 3m+1s Starts at 2200hrs"]
[Site "Infinity Chess"]
[Date "2018.4.18"]
[Round "8"]
[White "ocirema"]
[Black "Deep_Impact"]
[Result "1/2-1/2"]
[ECO "C50"]
[WhiteElo "2474"]
[BlackElo "2562"]
[WhiteEngine "asmFishW_2018-04-11_popcnt_CTG"]
[BlackEngine "BrainFish_180411_x64_bmi2"]
[EventType "Swiss"]
[WhiteTeam ""]
[BlackTeam ""]
[PlyCount "113"]
[TimeControl "180+1"]

1. e4 e5 2. Nf3 Nc6 3. Bc4 Bc5 4. O-O Nf6 5. d3 d6 6. c3 a5 7. Bg5 Ba7 8. Bh4 h6 
9. Nbd2 Qe7 10. Bb5 g5 11. Bg3 O-O 12. Nc4 Nh5 13. Bxc6 bxc6 14. Nxa5 Nxg3 
15. hxg3 Bd7 16. Qd2 f6 17. Nc4 h5 18. Ne3 Qh7 19. a4 h4 20. g4 Bxe3 
21. Qxe3 Bxg4 22. a5 Bc8 23. Nd2 Kf7 24. d4 Ba6 25. Rfb1 g4 26. b4 Qh5 
27. dxe5 Qxe5 28. c4 Rfb8 29. Ra3 Qg5 30. f4 gxf3 31. Qxg5 f2+ 32. Kxf2 fxg5 
33. g3 Ke7 34. Kg1 Bc8 35. Nf3 Bg4 36. Nd4 Bd7 37. b5 hxg3 38. Kg2 cxb5 
39. cxb5 Rh8 40. Nf5+ Kf6 41. Kxg3 Rae8 42. a6 Rxe4 43. Ne3 Reh4 44. a7 Rh2 
45. Kf3 R8h3+ 46. Ke4 Bf5+ 47. Kd5 Rd2+ 48. Kc6 Bxb1 49. Ng4+ Kf5 50. Rxh3 Ra2 
51. Ne3+ Kg6 52. b6 cxb6 53. Kxb6 Rb2+ 54. Ka5 Ra2+ 55. Kb6 Rb2+ 56. Ka5 Ra2+ 
57. Kb6 1/2-1/2

[Event "Wednesday Night Engine Tour 13 rd Swiss 3m+1s Starts at 2200hrs"]
[Site "Infinity Chess"]
[Date "2018.4.18"]
[Round "8"]
[White "star99"]
[Black "xeonrocks"]
[Result "1/2-1/2"]
[ECO "C50"]
[WhiteElo "2487"]
[BlackElo "2625"]
[WhiteEngine "Cryptic Heroes 9.4B"]
[BlackEngine "Stockfish_x64_bmi2_CTG"]
[EventType "Swiss"]
[WhiteTeam ""]
[BlackTeam ""]
[PlyCount "122"]
[TimeControl "180+1"]

1. e4 e5 2. Nf3 Nc6 3. Bc4 Bc5 4. d3 Nf6 5. c3 d6 6. O-O a5 7. Re1 Ba7 
8. Nbd2 O-O 9. Nf1 Be6 10. Bb5 Ne7 11. Ba4 Ng6 12. Bb3 Bxb3 13. axb3 Bb6 
14. Ng3 Re8 15. h3 h6 16. Bd2 d5 17. Qc2 Qd6 18. c4 Qc5 19. Rf1 dxe4 
20. dxe4 Nd7 21. Bc3 f6 22. Rfd1 Ndf8 23. Rd5 Qc6 24. Bd2 Ne7 25. Nh4 Nxd5 
26. exd5 Qd7 27. c5 Ba7 28. Be3 Qxd5 29. Nhf5 Rad8 30. Nh5 Qd3 31. Qxd3 Rxd3 
32. Nfxg7 Ra8 33. Rxa5 Rxb3 34. Ne8 Nd7 35. Nhxf6+ Nxf6 36. Nxf6+ Kf7 
37. Ng4 Rxb2 38. Nxh6+ Ke6 39. g4 b6 40. cxb6 cxb6 41. Ra1 Rb5 42. Nf5 Ra5 
43. Rd1 Rd5 44. Rc1 b5 45. Rc6+ Kd7 46. Ra6 b4 47. Bxa7 Rb5 48. Rh6 b3 
49. Rh7+ Kc6 50. Bd4 exd4 51. Nxd4+ Kc5 52. Nxb5 Kxb5 53. Rb7+ Kc4 54. h4 Kc3 
55. f3 b2 56. g5 Ra1+ 57. Kf2 b1=Q 58. Rxb1 Rxb1 59. Ke3 Re1+ 60. Kf4 Rh1 
61. g6 Rxh4+ 1/2-1/2

[Event "Wednesday Night Engine Tour 13 rd Swiss 3m+1s Starts at 2200hrs"]
[Site "Infinity Chess"]
[Date "2018.4.18"]
[Round "7"]
[White "Mr Aj"]
[Black "Dovahkiin"]
[Result "1/2-1/2"]
[ECO "A06"]
[WhiteElo "2390"]
[BlackElo "2413"]
[WhiteEngine "Houdini 6_CTG"]
[BlackEngine "Raubfisch ME262_GTZ16f_CTG"]
[EventType "Swiss"]
[WhiteTeam ""]
[BlackTeam ""]
[PlyCount "149"]
[TimeControl "180+1"]

1. Nf3 d5 2. d4 Nf6 3. c4 e6 4. Nc3 c6 5. Bg5 h6 6. Bxf6 Qxf6 7. e3 Nd7 
8. Bd3 dxc4 9. Bxc4 g6 10. O-O Bg7 11. e4 O-O 12. Rc1 e5 13. d5 Nb6 14. Bb3 Bg4 
15. Qd3 h5 16. Nd2 Bh6 17. Rc2 Rad8 18. h3 Bc8 19. Rd1 Rd6 20. Nc4 Nxc4 
21. Qxc4 Rfd8 22. Rd3 Bf4 23. Re2 h4 24. Re1 Kg7 25. Red1 b6 26. a4 g5 
27. dxc6 Rxd3 28. Rxd3 Rxd3 29. Qxd3 Qxc6 30. Bc4 Qc5 31. b3 Qd4 32. Nb5 Qxd3 
33. Bxd3 Ba6 34. Kf1 Bxb5 35. Bxb5 Kg6 36. Ke2 Bc1 37. Kd3 Bb2 38. f3 Kf6 
39. Kc4 Bd4 40. Kd5 Ke7 41. Ba6 Kd7 42. Bf1 a5 43. Bc4 Ke7 44. Bb5 Bc3 
45. Kc6 Bd4 46. Kc7 Be3 47. Be2 Bd4 48. Bc4 Be3 49. Bb5 Bd4 50. Bd3 Be3 
51. Bc4 Bc5 52. Bd5 Bd4 53. Ba8 Be3 54. Bc6 Bf2 55. Bd7 Bc5 56. Bc8 Be3 
57. Kc6 Bd4 58. Bf5 Bc5 59. Kd5 Bd4 60. Bg4 Bc3 61. Kc6 Bd4 62. Bf5 Be3 
63. Kc7 Bf2 64. Bg4 Bc5 65. Kc6 Be3 66. Kc7 Bd4 67. Bf5 Be3 68. Bg4 Bd4 
69. Bf5 Bc5 70. Bc8 Bf2 71. Kc6 Be3 72. Kd5 Bd4 73. Bg4 Bc3 74. Kc6 Bd4 75. Kd5 
1/2-1/2

[Event "Wednesday Night Engine Tour 13 rd Swiss 3m+1s Starts at 2200hrs"]
[Site "Infinity Chess"]
[Date "2018.4.18"]
[Round "7"]
[White "picolo1"]
[Black "MiKachomiKa QueeN"]
[Result "1/2-1/2"]
[ECO "C50"]
[WhiteElo "2453"]
[BlackElo "2455"]
[WhiteEngine "asmFishW_2018-04-11_base_y_CTG"]
[BlackEngine "stockfish_18041819_x64_modern_CTG"]
[EventType "Swiss"]
[WhiteTeam ""]
[BlackTeam ""]
[PlyCount "94"]
[TimeControl "180+1"]

1. e4 e5 2. Nf3 Nc6 3. Bc4 Bc5 4. O-O Nf6 5. d3 d6 6. c3 O-O 7. Re1 a5 
8. Bb3 Be6 9. Bg5 h6 10. Bh4 Bxb3 11. axb3 Re8 12. Nbd2 Qe7 13. h3 b5 
14. Qe2 Rab8 15. Nf1 Qe6 16. Ne3 g5 17. Bg3 Bxe3 18. Qxe3 Nh5 19. d4 exd4 
20. cxd4 Nb4 21. Qc3 Ra8 22. e5 Qg6 23. exd6 cxd6 24. Rxe8+ Rxe8 25. Bh2 Re2 
26. Qc7 Nd3 27. Bxd6 Qf5 28. Qxa5 Kh7 29. Qa8 Nhf4 30. Be5 Nxe5 31. dxe5 Rxb2 
32. Qa7 Kg7 33. Re1 b4 34. Qb6 g4 35. Nh4 Qg5 36. Qe3 Kg8 37. hxg4 Qxg4 
38. e6 fxe6 39. Qc1 Ne2+ 40. Rxe2 Rxe2 41. Qc8+ Kf7 42. Qd7+ Kf6 43. Qd8+ Kg7 
44. Qe7+ Kh8 45. Qd8+ Kg7 46. Qc7+ Kh8 47. Qd8+ Kg7 1/2-1/2

[Event "Wednesday Night Engine Tour 13 rd Swiss 3m+1s Starts at 2200hrs"]
[Site "Infinity Chess"]
[Date "2018.4.18"]
[Round "7"]
[White "star99"]
[Black "RonWeasley"]
[Result "1/2-1/2 "]
[ECO "A46"]
[WhiteElo "2485"]
[BlackElo "2540"]
[WhiteEngine "Cryptic Heroes 9.4B"]
[BlackEngine "BrainFish 090218_CTG"]
[EventType "Swiss"]
[WhiteTeam ""]
[BlackTeam ""]
[PlyCount "230"]
[TimeControl "180+1"]

1. d4 Nf6 2. Nf3 d5 3. c4 e6 4. e3 c6 5. b3 c5 6. cxd5 Nxd5 7. Bb2 cxd4 
8. Nxd4 e5 9. Nf3 Nc6 10. Nbd2 f6 11. Bc4 Nb6 12. Bb5 Be7 13. O-O O-O 
14. Qe2 Be6 15. Bd3 Rc8 16. Rfd1 Qe8 17. Be4 Qf7 18. Nf1 g6 19. Qb5 Nb4 
20. Ng3 N4d5 21. h4 h5 22. Rac1 Rxc1 23. Rxc1 a6 24. Qf1 Bg4 25. Rd1 Kg7 
26. a3 Rd8 27. Rd3 a5 28. Qd1 Qg8 29. Qc2 Rc8 30. Qd1 Be6 31. Nd2 Rd8 
32. Nf3 Bf7 33. Nd2 Be6 34. Nf3 Qe8 35. Nd2 Qb5 36. Qb1 Bf7 37. Kh2 Rd7 
38. Kg1 Kf8 39. Qf1 Rd8 40. Qe2 a4 41. b4 Rd6 42. Qf1 f5 43. Bxd5 Rxd5 
44. Rxd5 Qxf1+ 45. Ngxf1 Bxd5 46. Bxe5 Bxh4 47. Bd4 Nc4 48. Nxc4 Bxc4 
49. Nd2 Bd5 50. g3 Bd8 51. f4 Kf7 52. Nb1 b5 53. Nc3 Bc4 54. Kg2 Ke6 55. Kf3 g5 
56. fxg5 Bxg5 57. Kf2 h4 58. Nd1 Kd7 59. Nc3 Kc6 60. Kg2 Be7 61. Kf2 Bd3 
62. Be5 Bd8 63. Kg2 Bc4 64. Bd4 Bf7 65. gxh4 Bxh4 66. Kf3 Bg5 67. Ke2 f4 
68. exf4 Bxf4 69. Be3 Bc7 70. Kd2 Be5 71. Kc2 Bg6+ 72. Kb2 Bh7 73. Bd2 Bf5 
74. Bh6 Bd4 75. Bd2 Bf6 76. Ka2 Bd3 77. Kb2 Bg7 78. Bg5 Bf5 79. Bd2 Bh7 
80. Ka2 Be5 81. Kb2 Bf5 82. Ka2 Bg4 83. Kb1 Bf5+ 84. Ka2 Bd3 85. Kb2 Bc4 
86. Kc1 Bd3 87. Kb2 Bd4 88. Kc1 Bf6 89. Kb2 Be5 90. Ka2 Kb7 91. Kb2 Bg7 
92. Kc1 Bd4 93. Nd1 Kc6 94. Be3 Bg7 95. Bc5 Bc4 96. Ba7 Bf7 97. Ne3 Bg6 
98. Bc5 Bh8 99. Ng2 Bf6 100. Ne3 Bg7 101. Ng2 Be5 102. Ne3 Be8 103. Ng4 Bf4+ 
104. Ne3 Bh5 105. Kd2 Be8 106. Kc3 Bg6 107. Ng2 Bg5 108. Be3 Bd8 109. Bd4 Bf7 
110. Ne3 Be6 111. Bh8 Bg5 112. Bd4 Bd7 113. Bc5 Be8 114. Ba7 Bf7 115. Bc5 Ba2 
1/2-1/2

[Event "Wednesday Night Engine Tour 13 rd Swiss 3m+1s Starts at 2200hrs"]
[Site "Infinity Chess"]
[Date "2018.4.18"]
[Round "7"]
[White "Deep_Impact"]
[Black "targam"]
[Result "1/2-1/2 "]
[ECO "C50"]
[WhiteElo "2563"]
[BlackElo "2537"]
[WhiteEngine "BrainFish_180411_x64_bmi2"]
[BlackEngine "asmFishW_2018-04-11_bmi2"]
[EventType "Swiss"]
[WhiteTeam ""]
[BlackTeam ""]
[PlyCount "142"]
[TimeControl "180+1"]

1. e4 e5 2. Nf3 Nc6 3. Bc4 Bc5 4. O-O Nf6 5. d3 d6 6. c3 O-O 7. Re1 a5 
8. Nbd2 Be6 9. Bb5 Ba7 10. h3 Ne7 11. d4 Ng6 12. Ba4 Nh5 13. Nf1 Nhf4 
14. Bc2 Qd7 15. Bxf4 Nxf4 16. Ne3 Rad8 17. h4 g6 18. g3 Nh5 19. Qd2 Nf6 
20. a3 c6 21. Rad1 Qe7 22. Kg2 Bc8 23. Rf1 Bb6 24. Rde1 Bc7 25. d5 Bb6 
26. Nc4 Ba7 27. Nxa5 cxd5 28. exd5 Qd7 29. Rh1 Nh5 30. Qh6 f6 31. b4 Nf4+ 
32. Kf1 Nh5 33. Kg2 Nf4+ 34. Kf1 Nxd5 35. Bb3 Qf7 36. Kg2 Be6 37. c4 Nb6 
38. Qe3 Ra8 39. Qd3 d5 40. c5 Nd7 41. Qd2 Nxc5 42. bxc5 Bxc5 43. Bc2 e4 
44. Ng1 e3 45. fxe3 d4 46. exd4 Bd5+ 47. Nf3 Bd6 48. Rhf1 b6 49. Nb3 Bxb3 
50. Bxb3 Qxb3 51. Qe3 Qxa3 52. h5 Rfe8 53. Qxa3 Bxa3 54. Rxe8+ Rxe8 55. Ra1 Bd6 
56. Rb1 Re2+ 57. Kh3 Bc7 58. d5 Kf7 59. d6 Bxd6 60. Rxb6 Bc5 61. Rb5 Be7 
62. hxg6+ hxg6 63. Rb7 Re4 64. Nh4 f5 65. Kg2 Re3 66. Kf2 Re5 67. Kg2 Kg7 
68. Kf3 Kh6 69. Nxg6 Kxg6 70. g4 Kg5 71. gxf5 Kxf5 1/2-1/2

[Event "Wednesday Night Engine Tour 13 rd Swiss 3m+1s Starts at 2200hrs"]
[Site "Infinity Chess"]
[Date "2018.4.18"]
[Round "7"]
[White "xeonrocks"]
[Black "ocirema"]
[Result "1/2-1/2"]
[ECO "C50"]
[WhiteElo "2632"]
[BlackElo "2467"]
[WhiteEngine "Stockfish_x64_bmi2_CTG"]
[BlackEngine "asmFishW_2018-04-11_popcnt_CTG"]
[EventType "Swiss"]
[WhiteTeam ""]
[BlackTeam ""]
[PlyCount "74"]
[TimeControl "180+1"]

1. e4 e5 2. Nf3 Nc6 3. Bc4 Bc5 4. O-O Nf6 5. d3 d6 6. c3 a5 7. Re1 O-O 
8. Nbd2 h6 9. h3 Be6 10. Bb5 Qb8 11. Re2 Qa7 12. Nf1 a4 13. Ng3 Qa5 
14. Bxc6 bxc6 15. Nh4 Rfe8 16. Re1 d5 17. exd5 cxd5 18. Rxe5 Bf8 19. Qc2 c5 
20. Bd2 c4 21. Ree1 Nd7 22. d4 a3 23. b4 cxb3 24. axb3 Nf6 25. Ra2 Ne4 
26. Nxe4 dxe4 27. c4 Qh5 28. Rxe4 Bd7 29. Nf3 Rxe4 30. Qxe4 Re8 31. Qd3 Bf5 
32. g4 Bxg4 33. hxg4 Qxg4+ 34. Kf1 Qh3+ 35. Kg1 Qg4+ 36. Kf1 Qh3+ 37. Kg1 Qg4+ 
1/2-1/2